Map: [ESL] Hard Lead

Players

Creator - Winner!

  • Race: Protoss Protoss
  • Spawn Location: 5:00

Mixu

  • Race: Zerg Zerg
  • Spawn Location: 11:00

Event: ESL SC2 Masters 2023 Winter (Finals)

VOD

Have the link to the VOD?

Description

Time

  • Played on: Dec. 15, 2023, 10:22 a.m.
  • Length: 7:29

All games in this series

Show
View Real Time Build Order
Export as new Build Order

Creator Protoss - Winner!

Build Orders: 1 Gate Expand, Mass Adepts 

Get SALT Encoding   

  12  0:00  Probe  
  13  0:14  Pylon  
  13  0:17  Probe (Chrono Boost)  
  14  0:27  Probe (Chrono Boost)  
  15  0:32  Probe (Chrono Boost)  
  16  0:38  Gateway  
  16  0:43  Probe  
  16  0:48  Assimilator  
  17  0:55  Probe  
  18  1:08  Probe  
  19  1:20  Probe  
  19  1:25  Nexus  
  20  1:34  Cybernetics Core  
  20  1:37  Probe  
  21  1:43  Assimilator  
  21  1:49  Probe  
  21  1:52  Pylon  
  22  2:01  Probe  
  23  2:08  Adept (Chrono Boost)  
  23  2:13  Probe  
  26  2:25  Probe, Warp Gate  
  27  2:30  Stalker  
  27  2:32  Twilight Council  
  29  2:37  Probe (Chrono Boost)  
  29  2:38  Probe (Chrono Boost)  
  31  2:48  Probe x2 (Chrono Boost)  
  33  2:52  Probe (Chrono Boost)  
  33  2:53  Probe (Chrono Boost)  
  33  2:56  Robotics Facility  
  35  3:04  Probe x2  
  37  3:10  Resonating Glaives (Chrono Boost), Gateway  
  37  3:16  Adept  
  37  3:19  Probe  
  40  3:21  Probe  
  41  3:29  Gateway  
  41  3:34  Gateway  
  41  3:35  Probe  
  41  3:36  Probe  
  43  3:44  Warp Prism (Chrono Boost)  
  43  3:45  Pylon  
  45  3:51  Pylon  
  45  3:53  Probe  
  46  3:59  Assimilator  
  46  4:03  Probe  
  46  4:06  Pylon  
  46  4:08  Probe  
  48  4:13  Observer, Adept x2  
  53  4:23  Pylon, Probe  
  54  4:32  Adept x2  
  54  4:33  Adept x2  
  54  4:36  Pylon  
  62  4:53  Adept x4  
  66  5:14  Adept x4  
  66  5:18  Nexus  
  66  5:20  Pylon  
  66  5:21  Probe x2  
  72  5:30  Immortal (Chrono Boost)  
  74  5:38  Probe x2  
  74  5:40  Adept x4  
  76  5:50  Probe x2  
  76  6:02  Probe x2  
  76  6:03  Immortal (Chrono Boost)  
  82  6:10  Gateway  
  80  6:12  Gateway  
  80  6:18  Adept x4  
  88  6:22  Probe x2  
  90  6:41  Adept x4  
  90  6:45  Probe x2  
  100  6:47  Forge  
  100  6:48  Probe  
  101  7:00  Pylon  
  101  7:02  Pylon  
  101  7:06  Shield Battery, Probe x2  
  103  7:11  Pylon  
  103  7:19  Adept x6  
  118  7:25  Pylon  
Show
View Real Time Build Order
Export as new Build Order

Mixu Zerg 

Build Orders: Hatch First 

Get SALT Encoding   

  12  0:00  Drone  
  13  0:12  Overlord  
  13  0:17  Drone  
  14  0:30  Drone x2  
  16  0:49  Hatchery  
  15  0:52  Drone  
  15  0:56  Drone  
  17  0:59  Drone  
  18  1:10  Extractor  
  17  1:15  Spawning Pool  
  17  1:17  Drone  
  17  1:21  Drone  
  18  1:28  Drone  
  19  1:39  Drone  
  20  1:51  Overlord  
  20  2:03  Queen x2  
  20  2:04  Zergling x2, Drone  
  26  2:11  Zergling x2  
  26  2:12  Drone  
  26  2:15  Metabolic Boost  
  28  2:22  Drone  
  29  2:23  Drone  
  30  2:39  Hatchery  
  30  2:40  Drone  
  30  2:42  Drone  
  31  2:46  Overlord  
  31  2:56  Queen  
  31  2:57  Drone  
  31  2:58  Drone  
  35  3:05  Zergling x2  
  36  3:06  Drone  
  36  3:08  Queen  
  36  3:12  Overlord  
  39  3:16  Drone  
  39  3:18  Drone  
  39  3:19  Drone  
  42  3:21  Drone  
  42  3:22  Drone  
  44  3:30  Overlord  
  44  3:32  Zergling x2  
  44  3:33  Drone x2  
  47  3:39  Queen  
  49  3:51  Drone x6, Spore Crawler  
  54  3:56  Queen  
  56  4:07  Drone x2, Roach Warren  
  56  4:09  Overlord  
  57  4:11  Drone  
  57  4:12  Drone  
  57  4:14  Zergling x2  
  57  4:15  Extractor  
  59  4:21  Zergling x8  
  59  4:23  Overlord  
  62  4:30  Zergling x4  
  63  4:43  Zergling x4  
  65  4:48  Roach x7, Evolution Chamber  
  78  4:56  Roach x2  
  73  5:01  Evolution Chamber  
  73  5:05  Roach  
  66  5:23  Roach  
  66  5:24  Zergling x6  
  66  5:26  Drone x3  
  68  5:41  Drone x5  
  55  6:18  Drone x5  
  60  6:26  Drone  
  60  6:30  Roach x3  
  67  6:37  Overlord  
  67  6:38  Drone  
  68  6:40  Drone x2  
  70  6:49  Drone  
  70  6:50  Drone  
  70  6:52  Drone x2  
  70  6:54  Overlord x2  
  74  6:57  Drone  
  74  7:00  Drone x2  
  77  7:02  Extractor  
  77  7:03  Drone x3  
  79  7:13  Drone, Hatchery  
  79  7:14  Drone  
  80  7:16  Evolution Chamber  
Tags
 
Add a new tag
Caveats
  • Supply blocks, unpowered buildings, or Contaminate may cause inaccurate times.
  • Supply counts are checked every 10 seconds.